 Dungeon Sprint DCSS version 0.29-a0-275-g389c0b56f3 (webtiles) character file.

Game seed: 10219989827051723592

0 Anunax the Scratcher (level 1, 0/10 HPs)
             Began as a Felid Cinder Acolyte on Mar 10, 2022.
             Was an Elder of Ignis.
             Succumbed to a killer bee's poison
             ... in the Dungeon (Sprint VII: "The Pits").
             The game lasted 00:00:24 (25 turns).

Anunax the Scratcher (Felid Cinder Acolyte)           Turns: 25, Time: 00:00:25

Health: 0/10       AC:  1    Str: 10    XL:     1   Next: 0%
Magic:  3/3        EV: 15    Int: 15    God:    Ignis [****..]
Gold:   0          SH:  0    Dex: 11    Spells: 2/2 levels left
                                        Lives:  0   Deaths: 0

rFire   + . .      SeeInvis +     - Unarmed
rCold   . . .      Faith    .   (shield unavailable)
rNeg    . . .      Spirit   .   (body armour unavailable)
rPois   .          Reflect  .   (helmet unavailable)
rElec   .          Harm     .   (cloak unavailable)
rCorr   .          Rampage  .   (gloves unavailable)
Will    .....      NoTele   +   (boots unavailable)
Stlth   +.........              (no amulet)
HPRegen 0.03/turn               (no ring)
MPRegen 0.08/turn               (no ring)

@: lethally poisoned (0 -> -11), quick
A: very small, claws 1, fangs 3, see invisible, speed 1, shaggy fur 1, stealthy
paws, no weapons or thrown items, no armour, multi-lived
a: Renounce Religion, Fiery Armour, Foxfire Swarm, Rising Flame


You were in the Dungeon.
You worshipped Ignis.
Ignis was greatly pleased with you.
You visited 1 branch

Inventory:

Scrolls
 f - a scroll of blinking
Potions
 a - a potion of curing
 b - a potion of heal wounds
 c - a potion of haste
 d - 2 potions of magic
 e - a potion of berserk rage


   Skills:
 + Level 3.0 Fighting
 + Level 3.0 Unarmed Combat
 + Level 1.0 Spellcasting
 + Level 2.6 Fire Magic


You had 2 spell levels left.
You didn't know any spells.
Your spell library contained the following spells:

 Spells                   Type           Power      Damage    Failure   Level
 Scorch                   Fire           16%        2d5       12%         2


Dungeon Overview and Level Annotations

Branches:
Dungeon (1/1)

Altars:


Innate Abilities, Weirdness & Mutations

You have sharp claws.
You have razor-sharp teeth.
You have supernaturally acute eyesight. (SInv)
You cover ground quickly. (Speed+)
You are covered in fur. (AC +1)
Your paws help you pounce on unaware monsters.
You are incapable of wielding weapons or throwing items.
You cannot wear armour.
You gain extra lives every three experience levels.


Message History

You don't know any spells.
The killer bee buzzes angrily.
The hound barks!
The killer bee misses you.
Activating: Foxfire Swarm
Press: ? - help, Dir - look around, f - activate Flames leap up around you!
The killer bee buzzes angrily.
The foxfire hits the killer bee.
The killer bee is lightly wounded.
The foxfire hits the killer bee.
The killer bee is lightly wounded.
The killer bee misses you.
The foxfire hits the killer bee.
The killer bee is heavily wounded.
The killer bee stings you.
Ouch! That really hurt!
Unknown command.
The foxfire hits the killer bee.
The killer bee is lightly wounded.
The foxfire hits the killer bee but does no damage.
The killer bee is heavily wounded.
The foxfire hits the killer bee but does no damage.
The killer bee is lightly wounded.
The foxfire hits the killer bee.
The killer bee is heavily wounded.
The foxfire hits the killer bee but does no damage.
The killer bee is lightly wounded.
The foxfire hits the killer bee.
The killer bee is severely wounded.
The foxfire hits the killer bee.
The killer bee is moderately wounded.
The killer bee stings you.
* * * LOW HITPOINT WARNING * * *
You are lethally poisoned!
The killer bee poisons you! The killer bee barely misses you.
The killer bee completely misses you.
You don't know any spells.
Activating: Foxfire Swarm
Press: ? - help, Dir - look around, f - activate Flames leap up around you!
You die...

####'#####''######
#.......##''#
#.......##..#
#.......##..#
#...<...##..# #
#.......##..# .###
#.......##vy#....##
#.......##vyv.....#
##########@yyy....+
#vyvh....#
#vr#....##
#..#..### #..####
#..# #..# ####


You could see a hound, 6 killer bees and a quokka.

Vanquished Creatures (others)
  7 foxfires (D)
7 creatures vanquished.

Notes
Turn   | Place    | Note
-------+----------+-------------------------------------------
     0 | D        | Anunax the Felid Cinder Acolyte began the quest for the
                  | Orb.
     0 | D        | Reached XP level 1. HP: 10/10 MP: 3/3
    21 | D        | Noticed a killer bee
    21 | D        | Noticed a killer bee
    21 | D        | Noticed a killer bee
    21 | D        | Noticed a killer bee
    21 | D        | Noticed a killer bee
    21 | D        | Noticed a killer bee
    21 | D        | Noticed a hound
    25 | D        | Succumbed to a killer bee's poison

Illustrated notes

Levels and vault maps discovered:
D:        pitsprint [storerooms_1, entrance_room_1, metal_vault_1, armoury_1,
          mini_pit_1, grid_room_1, main_hall_1, silver_pit, the_coven_3,
          the_vestibule_1, steel_vault_4, golden_pit, hallway_of_sentries,
          crystal_vault_2, iron_vault_1, final_vault]

Action                   || total
-------------------------++-------
Invok: Foxfire Swarm     ||     2
Dodge: Dodged            ||     4

Table legend: (Time is in decaauts)
 A = Elapsed time spent in this place.
 B = Non-inter-level travel time spent in this place.
 C = Inter-level travel time spent in this place.
 D = Time resting spent in this place.
 E = Time spent auto-exploring this place.
 F = Levels seen in this place.
 G = Mean time per level.
                   A        B        C        D        E       F      G
               +--------+--------+--------+--------+--------+-----+--------+
         Total |     21 |     21 |      0 |      0 |     17 |   1 |   21.0 |
       Dungeon |     21 |     21 |      0 |      0 |     17 |   1 |   21.0 |
               +--------+--------+--------+--------+--------+-----+--------+

Top non-repeatable levels by time:
       D: 21 daAuts
